[Event "Late-Titled-Tuesday-Blitz-April-16-2024"]
[Site "Chess.com"]
[Date "2024.04.16"]
[Round "3"]
[White "Rainbow2014"]
[Black "Navyblue1"]
[Result "1-0"]
[WhiteElo "2428"]
[BlackElo "2241"]
[TimeControl "180+1"]
[EndTime "14:28:02 PDT"]
[Termination "Rainbow2014 won by checkmate"]

1. Nf3 c5 2. g3 g6 3. Bg2 Bg7 4. d3 d5 5. O-O Nc6 6. Nc3 Nf6 7. Bg5 O-O 8. Qc1 Re8 9. e4 d4 10. Ne2 e5 11. Bh6 Bd7 12. h3 Rb8 13. Kh2 c4 14. Bxg7 Kxg7 15. a3 Rc8 16. Qd2 Qa5 17. Qd1 Qb5 18.
Rb1 a5 19. b3 cxd3 20. cxd3 Qc5 21. Qd2 Qxa3 22. Rfc1 Qb4 23. Qd1 Be6 24. Nd2 Nd7 25.
Nc4 b5 26. Nd2 Ncb8 27. f4 Rxc1 28. Rxc1 f6 29. Rc7 Na6 30. Rc6 Nab8 31. Rc7 Na6 32. Ra7 Nc5 33. Qc2 Kf8 34. f5 gxf5 35. exf5 Bxf5 36.
Bd5 Bxd3 37. Qd1 Bxe2 38. Qxe2 e4 39. Nf1 d3 40. Qh5 Qc3 41. Qf7# 1-0

[Event "Late-Titled-Tuesday-Blitz-April-16-2024"]
[Site "Chess.com"]
[Date "2024.04.16"]
[Round "3"]
[White "Janh4"]
[Black "kripri"]
[Result "0-1"]
[WhiteElo "2149"]
[BlackElo "2408"]
[TimeControl "180+1"]
[EndTime "14:28:03 PDT"]
[Termination "kripri won by resignation"]

1. d4 d5 2. Nc3 Nf6 3. Bf4 a6 4.
e3 e6 5. Nf3 c5 6. Ne5 Nc6 7. Bg3 Bd6 8. f4 O-O 9. Bd3 c4 10. Be2 Ne7 11. O-O Nf5 12. Bf2 Bb4 13. Bf3 Nd6 14. Nb1 Nfe4 15. c3 Ba5 16. Nd2 f6 17.
Bxe4 fxe5 18. Bc2 e4 19. b3 Bxc3 20. bxc4 Bxa1 21. Qxa1 Bd7 22. c5 Ne8 23. Bg3 Nf6 24.
Bb3 a5 25. a3 a4 26. Ba2 Qa5 27. Qb2 Rab8 28. f5 Rbc8 29. fxe6 Bxe6 30. Be5 Ng4 31.
Rxf8+ Rxf8 32. Bf4 Rf7 33. h3 Nf6 34. Be5 Nd7 35.
Bg3 Nf8 36. Nxe4 dxe4 37. Bxe6 Nxe6 38. Qa2 Qa6 39. d5 Nxc5 40. d6 Qc6 41. Qe6 Nxe6 0-1

[Event "Late-Titled-Tuesday-Blitz-April-16-2024"]
[Site "Chess.com"]
[Date "2024.04.16"]
[Round "3"]
[White "ilm2034"]
[Black "Abund"]
[Result "0-1"]
[WhiteElo "2565"]
[BlackElo "2811"]
[TimeControl "180+1"]
[EndTime "14:28:05 PDT"]
[Termination "Abund won on time"]

1. e4 c6 2. d4 d5 3. f3 Qb6 4.
Nc3 dxe4 5. Bc4 Nf6 6. Rb1 Bf5 7.
Bg5 Nbd7 8. Bb3 h6 9. Be3 e6 10. Qe2 Qa5 11. Bd2 exf3 12. Nxf3 Qc7 13. O-O Bd6 14. d5 cxd5 15. Nb5 Qb6+ 16. Kh1 Be7 17. Be3 Bc5 18. Nfd4 Be4 19. Rbd1 Ne5 20. Nc3 Qc7 21. Ndb5 Qe7 22. Rxf6 Bxe3 23. Nxe4 dxe4 24. Nd6+ Kf8 25. Rff1 Bb6 26. Nxe4 Rd8 27. Rde1 Bc7 28. Qf2 Kg8 29. Ng3 Ng4 30. Qf3 Qh4 31. Qxf7+ Kh7 32. h3 Qxg3 0-1

[Event "Late-Titled-Tuesday-Blitz-April-16-2024"]
[Site "Chess.com"]
[Date "2024.04.16"]
[Round "3"]
[White "Hrant_ChessMood"]
[Black "ellatambien"]
[Result "1-0"]
[WhiteElo "2979"]
[BlackElo "2714"]
[TimeControl "180+1"]
[EndTime "14:28:07 PDT"]
[Termination "Hrant_ChessMood won by resignation"]

1. d4 d5 2. c4 e6 3. Nc3 c5 4. e3 Nf6 5. cxd5 exd5 6. Bb5+ Nc6 7. Nf3 cxd4 8. Nxd4 Bd7 9. Nf3 Bc5 10. O-O a6 11. Bxc6 bxc6 12. b3 O-O 13. Bb2 Bd6 14. Rc1 Qe7 15.
Ne2 Ne4 16. Ng3 Nxg3 17. hxg3 a5 18. Nd4 Rfc8 19. Qd3 a4 20. Nf5 Bxf5 21. Qxf5 axb3 22. axb3 Rc7 23. Rc2 f6 24. Rfc1 Rac8 25. Bd4 Ba3 26. Ra1 Bb4 27. Ra6 Qe4 28. Qxe4 dxe4 29. Bc3 Be7 30.
g4 Rb7 31. Ra4 Rxb3 32. Rxe4 Kf7 33. Rc4 c5 34. g3 Rd8 35. Kg2 Rd1 36. Bb2 Rb1 37.
Bc1 Rd3 38. e4 Rd1 39. Be3 Re1 40. Kf3 Rb3 41. Ra2 g6 42. Ra7 h5 43. gxh5 gxh5 44.
Rxc5 Rb8 45. Rxh5 Kg6 46. Rd5 Bf8 47. Rc7 Rb6 48. Bxb6 1-0

[Event "Late-Titled-Tuesday-Blitz-April-16-2024"]
[Site "Chess.com"]
[Date "2024.04.16"]
[Round "3"]
[White "tptagain"]
[Black "Korchmar_Vasiliy"]
[Result "0-1"]
[WhiteElo "2928"]
[BlackElo "2718"]
[TimeControl "180+1"]
[EndTime "14:28:07 PDT"]
[Termination "Korchmar_Vasiliy won by resignation"]

1. e4 c5 2. Nc3 d6 3. f4 Nc6 4. Nf3 e6 5. d4 cxd4 6. Nxd4 Nf6 7. Be3 Be7 8. Qf3 e5 9. Nf5 Bxf5 10. exf5 O-O 11.
O-O-O Rc8 12. Kb1 Qa5 13. Nd5 e4 14. Nxe7+ Nxe7 15. Qf2 Nxf5 16. Be2 Nd5 17. Bc1 Rxc2 18. Qe1 Qxe1 19. Rhxe1 Rc5 20. Bg4 Nh6 21. Bd7 Nf6 22. Rxd6 Rd8 23. Red1 Nxd7 24. Rxd7 Rxd7 25. Rxd7 g6 26.
Rxb7 a5 27. a4 Nf5 28. g4 Nd4 29. Be3 Rd5 30. Re7 f5 31. g5 Nf3 32. h3 Rd3 33.
Bb6 Nd2+ 34. Kc2 Nc4 35. Bc7 Rxh3 36. Rd7 Rh2+ 37. Kc3 Nxb2 38. Be5 Nxa4+ 39. Kd4 Rd2+ 40. Kc4 Rxd7 41. Kb5 Nb2 42. Bxb2 Rb7+ 0-1

[Event "Late-Titled-Tuesday-Blitz-April-16-2024"]
[Site "Chess.com"]
[Date "2024.04.16"]
[Round "3"]
[White "Lukianoo"]
[Black "joksijoksi"]
[Result "1-0"]
[WhiteElo "2825"]
[BlackElo "2496"]
[TimeControl "180+1"]
[EndTime "14:28:08 PDT"]
[Termination "Lukianoo won by resignation"]

1. e4 c5 2. Nf3 Nf6 3. e5 Nd5 4.
c3 e6 5. d4 cxd4 6. cxd4 d6 7.
Bc4 Be7 8. O-O O-O 9. Qe2 b6 10. Rd1 Bb7 11. Bxd5 exd5 12. Nc3 dxe5 13. dxe5 Re8 14. Nd4 Bf8 15. f4 Nc6 16. Be3 Rc8 17. Nf5 d4 18. Nxd4 Nxd4 19. Bxd4 Qh4 20. Be3 Bc5 21.
Bxc5 Rxc5 22. Qf2 Qg4 23. h3 Qf5 24. Rd4 h5 25. Rad1 Rcc8 26. Rd7 Bc6 27. R7d6 b5 28. a3 a5 29. R1d4 Re6 30. Rxe6 fxe6 31. Kh2 Rf8 32. Nd1 Qb1 33. Ne3 Qg6 34. Rd6 Be4 35. Qg3 Qf7 36. Rb6 Qc7 37. Rxe6 b4 38. axb4 axb4 39. Qg5 1-0

[Event "Late-Titled-Tuesday-Blitz-April-16-2024"]
[Site "Chess.com"]
[Date "2024.04.16"]
[Round "3"]
[White "szachmistrz2500"]
[Black "simaopdias"]
[Result "1-0"]
[WhiteElo "2456"]
[BlackElo "2257"]
[TimeControl "180+1"]
[EndTime "14:28:08 PDT"]
[Termination "szachmistrz2500 won by resignation"]

1. e4 c5 2. Nf3 g6 3. d4 cxd4 4. Nxd4 Nc6 5. c4 Bg7 6. Nc2 Nf6 7. Nc3 O-O 8. Be2 d6 9. Be3 Bd7 10. O-O Re8 11. Qd2 Qc8 12. f3 a5 13. Rac1 Ne5 14.
b3 Bc6 15. Nd5 Ned7 16. Rfd1 Nc5 17. Nd4 Bxd5 18. cxd5 Qb8 19. Nb5 Rc8 20. Bc4 Nfd7 21. Bd4 Bxd4+ 22. Qxd4 Nb6 23. Be2 Nbd7 24. f4 Nf8 25. e5 b6 26. Rc3 Ncd7 27. exd6 Rxc3 28. Qxc3 exd6 29. Qc6 Nc5 30. Nxd6 Nfd7 31. Bg4 f5 32. Bf3 Qf8 33. Nc4 Rc8 34. Qb5 Qf6 35. a3 Qc3 36. Nxb6 Nxb6 37. Qxb6 Qxb3 38. Qxb3 Nxb3 39. d6 Kf8 40. d7 Rd8 41. Bc6 Nc5 42. Rd5 Ne6 43. Rxa5 Nxf4 44. Re5 1-0

[Event "Late-Titled-Tuesday-Blitz-April-16-2024"]
[Site "Chess.com"]
[Date "2024.04.16"]
[Round "3"]
[White "dasatcu90"]
[Black "IPAchess"]
[Result "0-1"]
[WhiteElo "2165"]
[BlackElo "2384"]
[TimeControl "180+1"]
[EndTime "14:28:09 PDT"]
[Termination "IPAchess won by resignation"]

1. d4 d5 2. Nf3 Nf6 3. e3 e6 4.
Bd3 b6 5. Nbd2 Bb7 6. Ne5 Nbd7 7. f4 Bd6 8. Qf3 c5 9. c3 Rc8 10. O-O Qe7 11. Rf2 a6 12. a4 Nf8 13. g4 Ng6 14. g5 Nd7 15. Qg3 cxd4 16. exd4 f5 17.
Nxg6 hxg6 18. Nf1 Nb8 19. Bd2 Nc6 20. Re1 Kf7 21. Rfe2 Nd8 22. Ne3 Rb8 23. Bxf5 gxf5 24. g6+ Kg8 25. Nxf5 Qf8 26. Nxd6 Qxd6 27. Qg4 Bc8 28.
Re5 Nc6 29. Rh5 Ne7 30. Rxh8+ Kxh8 31. Qh5+ Kg8 32. Qh7+ Kf8 33. f5 exf5 34. Bh6 Qxg6+ 35. Qxg6 Nxg6 36. Bf4 Nxf4 37. Re5 g6 38. Kf1 Kf7 39.
h4 Bd7 40. b4 Bxa4 0-1

[Event "Late-Titled-Tuesday-Blitz-April-16-2024"]
[Site "Chess.com"]
[Date "2024.04.16"]
[Round "3"]
[White "zano2023"]
[Black "Bkmzzzzz"]
[Result "1/2-1/2"]
[WhiteElo "2159"]
[BlackElo "2374"]
[TimeControl "180+1"]
[EndTime "14:28:09 PDT"]
[Termination "Game drawn by stalemate"]

1. d4 d5 2. Nf3 Nf6 3. Nbd2 Bf5 4.
e3 e6 5. c4 dxc4 6. Bxc4 Be7 7.
Qb3 Qc8 8. O-O O-O 9. Bd3 Bxd3 10. Qxd3 c5 11. e4 cxd4 12. Qxd4 Nc6 13. Qa4 a6 14. a3 b5 15. Qc2 Rd8 16. b4 a5 17.
bxa5 Nxa5 18. Qxc8 Rdxc8 19. Bb2 Nc4 20. Rab1 Bxa3 21. Bxf6 gxf6 22. Rxb5 Bd6 23. Nb3 Rab8 24. Nbd4 Be5 25. Rfb1 Rxb5 26. Rxb5 Bxd4 27. Nxd4 Nd6 28. Rb1 Nxe4 29. f3 Nc3 30. Re1 Nd5 31. Nb5 Rc5 32. Nd6 Rc6 33. Ne4 f5 34. Ng5 Kg7 35. g3 h6 36. Nh3 Kf6 37. f4 Rc2 38. Nf2 Nc3 39. Kf1 Nd5 40. h3 Nb4 41. Re3 Nd5 42. Re1 Nc3 43. Re3 Rxf2+ 44. Kxf2 Nd1+ 45. Kf3 Nxe3 46.
Kxe3 Ke7 47. Kd4 Kd6 48. g4 f6 49. gxf5 exf5 50. Kc4 Ke6 51. Kd4 Kf7 52. Ke3 Kg6 53.
Kf3 Kh5 54. Kg3 Kg6 55. Kh4 Kf7 56. Kh5 Kg7 57. h4 Kh7 1/2-1/2

[Event "Late-Titled-Tuesday-Blitz-April-16-2024"]
[Site "Chess.com"]
[Date "2024.04.16"]
[Round "3"]
[White "nindjaxx8"]
[Black "ShahxaibKhan"]
[Result "1-0"]
[WhiteElo "2671"]
[BlackElo "2453"]
[TimeControl "180+1"]
[EndTime "14:28:11 PDT"]
[Termination "nindjaxx8 won on time"]

1. d4 Nf6 2. c4 e6 3. Nc3 Bb4 4. Qc2 Nc6 5. e3 O-O 6. Nf3 d6 7. Bd2 e5 8. dxe5 dxe5 9. Rd1 Bxc3 10. Bxc3 Qe7 11. Be2 Bg4 12. O-O a5 13. a3 a4 14. Rd2 Rfd8 15. Rfd1 Rxd2 16. Rxd2 Bh5 17. Nh4 Bxe2 18. Rxe2 Qc5 19. Be1 e4 20. Bc3 Qxc4 21.
Bxf6 Qxc2 22. Rxc2 gxf6 23. Nf5 Rd8 24. g4 h5 25. h3 hxg4 26. hxg4 Ne5 27. Rxc7 Nxg4 28. Rxb7 Rd1+ 29. Kg2 Rd2 30. Kg3 Nxf2 31. Nh6+ Kg7 32. Nxf7 Kg6 33. Kf4 f5 34. Ne5+ Kf6 35. Rb6+ Ke7 36.
Kxf5 Nd3 37. Kxe4 Nxb2 38. Rb4 Kd8 39. Nc6+ Kc7 40. Nd4 Rh2 41. Ke5 Nd1 42. e4 1-0

[Event "Late-Titled-Tuesday-Blitz-April-16-2024"]
[Site "Chess.com"]
[Date "2024.04.16"]
[Round "3"]
[White "JaackCamel"]
[Black "Nick12772"]
[Result "1/2-1/2"]
[WhiteElo "2232"]
[BlackElo "2402"]
[TimeControl "180+1"]
[EndTime "14:28:11 PDT"]
[Termination "Game drawn by repetition"]

1. d4 Nf6 2. c4 g6 3. Nc3 d5 4. cxd5 Nxd5 5. e4 Nxc3 6. bxc3 Bg7 7. Nf3 c5 8. Be3 Nc6 9. Rc1 cxd4 10. cxd4 O-O 11. Be2 Qa5+ 12. Bd2 Qxa2 13. d5 Ne5 14. O-O Nxf3+ 15. Bxf3 Qa6 16. Rc7 Qd6 17. Qc2 Be5 18. Rc4 Bxh2+ 19. Kh1 Bd7 20. Rc1 Rfc8 21. Bh6 Rxc4 22.
Qxc4 Bf4 23. Bxf4 Qxf4 24. Rb1 b6 25. Qb4 Qh4+ 26. Kg1 Rc8 27. Re1 Rc2 28. Qd4 Bg4 29. Bxg4 Qxg4 30. Qe3 Qc8 31. e5 Qc3 32. Qe4 Qc5 33.
Qf3 Qc3 34. Qe4 Qc4 35. Qf3 Rc1 36. Rxc1 Qxc1+ 37. Kh2 Qc7 38. Qg3 f6 39. f4 fxe5 40. fxe5 Qd7 41. Qb3 Qf5 42. d6+ Kg7 43. Qd5 Qf4+ 44.
Kh1 Qh4+ 45. Kg1 Qe1+ 46. Kh2 Qh4+ 47. Kg1 Qe1+ 48. Kh2 Qh4+ 49. Kg1 1/2-1/2

[Event "Late-Titled-Tuesday-Blitz-April-16-2024"]
[Site "Chess.com"]
[Date "2024.04.16"]
[Round "3"]
[White "Mariia89"]
[Black "stasOR4ik"]
[Result "0-1"]
[WhiteElo "2240"]
[BlackElo "2417"]
[TimeControl "180+1"]
[EndTime "14:28:12 PDT"]
[Termination "stasOR4ik won by resignation"]

1. d4 e6 2. Nf3 d5 3. c4 Nf6 4. a3 Nbd7 5. Nc3 c6 6. Bg5 h6 7.
Bh4 g5 8. Bg3 dxc4 9. e4 b5 10.
Ne5 Bb7 11. h4 Nxe5 12. Bxe5 Bg7 13. hxg5 hxg5 14. Rxh8+ Bxh8 15. Qf3 Qe7 16. Qg3 Nh5 17. Qh2 Bxe5 18. Qxe5 O-O-O 19. g3 f6 20. Qc5 Qxc5 21. dxc5 e5 22. Be2 Ng7 23. Bg4+ Kc7 24. Ke2 Bc8 25. Bxc8 Kxc8 26. Rh1 Ne6 27. Rh7 Rd7 28.
Rh6 Rf7 29. Rh8+ Kb7 30. Nd1 Nxc5 31. Ne3 Nxe4 32. Nf5 Rd7 33. Ke3 Nd6 34. g4 Nxf5+ 35. gxf5 Rd3+ 36. Ke4 Rd4+ 37. Ke3 Rf4 38. Rh7+ Kb6 39.
f3 Rxf5 40. Re7 Rf4 41. Re6 a5 42. Ke2 Kc5 43. Ke3 b4 44. axb4+ axb4 45. Ke2 c3 46.
bxc3 b3 47. Re8 Kc4 48. Rb8 Kxc3 49. Rb6 Rc4 50. Ke3 b2 51. Rb7 Kc2 0-1

[Event "Late-Titled-Tuesday-Blitz-April-16-2024"]
[Site "Chess.com"]
[Date "2024.04.16"]
[Round "3"]
[White "Nimrod_Veinberg"]
[Black "Anton_Demchenko"]
[Result "1-0"]
[WhiteElo "2736"]
[BlackElo "2968"]
[TimeControl "180+1"]
[EndTime "14:28:13 PDT"]
[Termination "Nimrod_Veinberg won on time"]

1. e4 e5 2. Nf3 Nc6 3. Bb5 a6 4. Ba4 d6 5. O-O Nf6 6. d3 b5 7.
Bb3 Na5 8. Nc3 Be7 9. Re1 O-O 10. Ne2 c5 11. Ng3 Bd7 12. c3 Nxb3 13. axb3 Qc7 14. Bg5 h6 15. Bxf6 Bxf6 16. Nf1 g6 17. Ne3 Bg7 18.
Nd5 Qb7 19. d4 exd4 20. cxd4 Rfe8 21. dxc5 dxc5 22. Qc2 Rac8 23. Rad1 c4 24. h3 Be6 25. bxc4 Rxc4 26. Qd2 Rec8 27. b3 R4c5 28. b4 Rc4 29. Qe3 Kh7 30. h4 Kh8 31. h5 g5 32.
Rd3 Re8 33. Qd2 Bg4 34. Nd4 Bxh5 35. Nf5 Be5 36. Nxh6 f6 37. Nf5 Qh7 38. Rh3 Kg8 39.
g4 Qf7 40. Rxh5 Rd8 41. f3 1-0

[Event "Late-Titled-Tuesday-Blitz-April-16-2024"]
[Site "Chess.com"]
[Date "2024.04.16"]
[Round "3"]
[White "Josetricks"]
[Black "eljanov"]
[Result "0-1"]
[WhiteElo "2646"]
[BlackElo "2902"]
[TimeControl "180+1"]
[EndTime "14:28:13 PDT"]
[Termination "eljanov won on time"]

1. d4 d5 2. Nc3 Nf6 3. Bf4 a6 4.
e3 Bf5 5. Nf3 e6 6. Ne5 h6 7. g4 Bh7 8. h4 Bb4 9. f3 Nbd7 10. Bd3 Nxe5 11. Bxe5 c5 12. Kf2 c4 13. Bxh7 Rxh7 14. Ne2 Nd7 15. Bg3 Qe7 16. c3 Bd6 17. b3 Rc8 18. b4 Bxg3+ 19. Nxg3 f6 20. Qc2 Rh8 21. e4 dxe4 22. Nxe4 Kf7 23. h5 Rhe8 24. Rae1 Kg8 25. Kg2 b6 26. a4 Qf8 27. Ng3 a5 28. b5 e5 29. Qf5 Qf7 30. Ne4 Qe6 31.
Qxe6+ Rxe6 32. Rd1 exd4 33. Rxd4 Ne5 34. Rhd1 Nd3 35.
Kg3 Rc7 36. Nf2 Nb2 37. Rd8+ Kf7 38. Rb8 Nxd1 0-1

[Event "Late-Titled-Tuesday-Blitz-April-16-2024"]
[Site "Chess.com"]
[Date "2024.04.16"]
[Round "3"]
[White "ckgchess"]
[Black "only_strong_moves"]
[Result "1/2-1/2"]
[WhiteElo "2915"]
[BlackElo "2673"]
[TimeControl "180+1"]
[EndTime "14:28:13 PDT"]
[Termination "Game drawn by repetition"]

1. e4 e5 2. Nf3 Nc6 3. Bc4 Nf6 4. d3 Bc5 5. c3 O-O 6. Nbd2 d6 7. Bb3 a5 8. Nf1 Ng4 9. d4 exd4 10. cxd4 Bb4+ 11.
Bd2 Re8 12. Ng3 d5 13. e5 f6 14. h3 fxe5 15. hxg4 e4 16. Nh4 a4 17. Bc2 g6 18. a3 Be7 19. Nxg6 hxg6 20. Bxa4 Rf8 21.
Bxc6 bxc6 22. Rc1 Bd6 23. Bb4 e3 24. Rxc6 Bd7 25. Rxd6 cxd6 26. fxe3 Qg5 27. Qd3 Rae8 28.
Bd2 Qxg4 29. Ne2 Bf5 30. Qb3 Be4 31. Rg1 Qh4+ 32. Kd1 Rf2 33. Be1 Ref8 34. Bxf2 Qxf2 35. Re1 Qxg2 36. Qb6 Rc8 37. Qxd6 Rc2 38. Qe6+ Kg7 39. Qe7+ Kh6 40. Qf8+ Kg5 41. Qe7+ Kh6 42. Qh4+ Kg7 43. Qe7+ Kh6 1/2-1/2

[Event "Late-Titled-Tuesday-Blitz-April-16-2024"]
[Site "Chess.com"]
[Date "2024.04.16"]
[Round "3"]
[White "Zhigalko_Sergei"]
[Black "GMMikhailKazakov"]
[Result "1-0"]
[WhiteElo "2923"]
[BlackElo "2517"]
[TimeControl "180+1"]
[EndTime "14:28:14 PDT"]
[Termination "Zhigalko_Sergei won on time"]

1. e4 e5 2. Nf3 Nc6 3. Bc4 Bc5 4. b4 Be7 5. b5 Na5 6. Be2 d6 7. O-O c5 8. bxc6 Nxc6 9. Nc3 Nf6 10. d4 O-O 11. h3 b6 12. Bb2 Bb7 13. Re1 Rc8 14. Bf1 Re8 15. Qd2 Bf8 16. Rad1 Na5 17. dxe5 dxe5 18.
Qg5 Qe7 19. Bb5 Bc6 20. Ba6 Rc7 21. Nd5 Nxd5 22. exd5 Qxg5 23. Nxg5 Ba4 24. Bd3 Bxc2 25. Rc1 Rec8 26. Bxe5 Rc5 27. Ba6 Rd8 28. Nf3 Ba4 29. d6 Rxc1 30. Rxc1 Nc6 31. Bf4 Bxd6 32. Be3 Bf8 33. Bc4 Na5 34. Be2 f6 35. Nd4 Bc5 36. Nf5 Bxe3 37. Nxe3 Be8 38. Bf3 1-0

[Event "Late-Titled-Tuesday-Blitz-April-16-2024"]
[Site "Chess.com"]
[Date "2024.04.16"]
[Round "3"]
[White "MikaelyanArman"]
[Black "mishanick"]
[Result "0-1"]
[WhiteElo "2752"]
[BlackElo "3046"]
[TimeControl "180+1"]
[EndTime "14:28:15 PDT"]
[Termination "mishanick won on time"]

1. d4 Nf6 2. c4 e6 3. Nf3 d5 4. Nc3 Nbd7 5. g3 c6 6. Bg2 b6 7. O-O Be7 8. Ne5 Bb7 9. e4 dxc4 10. Nxc4 Ba6 11. Qb3 O-O 12. Rd1 Rc8 13. Bf4 Nh5 14. Be3 Qc7 15. Rac1 Qb8 16. a4 Rfd8 17. h4 g6 18. Bf3 Nhf6 19. Bf4 Bxc4 20. Qxc4 e5 21. dxe5 Nxe5 22. Qe2 Bc5 23. Kg2 Rxd1 24. Rxd1 Re8 25.
h5 Qc8 26. h6 Qe6 27. Rd2 Nfg4 28. Bxg4 Nxg4 29. Qf3 f6 30. e5 fxe5 31. Bg5 Rf8 32. Rd8 Rxd8 33. Bxd8 Nxf2 34. Kf1 e4 35. Qf4 Qh3+ 36.
Ke2 Qh5+ 37. Kf1 Qf3 38. Qxf3 exf3 39. Bc7 Ng4 40. Ne4 Be3 41. Bb8 a6 42. Bc7 b5 43.
a5 Bxh6 44. Bf4 Bf8 0-1

[Event "Late-Titled-Tuesday-Blitz-April-16-2024"]
[Site "Chess.com"]
[Date "2024.04.16"]
[Round "3"]
[White "Licancabur"]
[Black "andrew-blr"]
[Result "1-0"]
[WhiteElo "2457"]
[BlackElo "2641"]
[TimeControl "180+1"]
[EndTime "14:28:15 PDT"]
[Termination "Licancabur won on time"]

1. d4 d5 2. Bg5 f6 3. Bc1 Nc6 4. Nc3 e5 5. e4 dxe4 6. d5 Nd4 7. Be3 Nf5 8. Nxe4 Nxe3 9. fxe3 f5 10. Bb5+ Bd7 11.
Nc3 Nf6 12. Nf3 Bd6 13. Qe2 O-O 14. O-O-O a6 15. Bxd7 Qxd7 16. Ng5 b5 17. Rhf1 b4 18. Nb1 g6 19. Qc4 Qb5 20. Qh4 Qa4 21. Ne6 Rf7 22. Ng5 Rd7 23. Ne6 Ne4 24. g4 f4 25. exf4 exf4 26.
Rfe1 Nc3 27. bxc3 bxc3 28. Rd4 Ba3+ 29. Kd1 Qa5 30. Qf6 Rb8 31. Ke2 Bc5 32. Rd3 Qxa2 33. Qxc3 Rxb1 34. Rxb1 Qxb1 35. Qxc5 Rf7 36. Rb3 f3+ 37. Kf2 Qxb3 38. cxb3 1-0

[Event "Late-Titled-Tuesday-Blitz-April-16-2024"]
[Site "Chess.com"]
[Date "2024.04.16"]
[Round "3"]
[White "campochess"]
[Black "The_Straightforward_Rook"]
[Result "0-1"]
[WhiteElo "2210"]
[BlackElo "2426"]
[TimeControl "180+1"]
[EndTime "14:28:17 PDT"]
[Termination "The_Straightforward_Rook won by resignation"]

1. d4 d5 2. Bg5 c6 3. Nc3 h6 4. Bh4 Bf5 5. f3 Qb6 6. Rb1 e5 7. Bf2 Qc7 8. e4 dxe4 9. fxe4 Bg6 10. dxe5 Nd7 11. Nf3 Nxe5 12. Bd3 O-O-O 13. Qe2 Nxf3+ 14. Qxf3 Kb8 15. O-O Bd6 16. Rbe1 Bxh2+ 17. Kh1 Be5 18. Na4 b6 19. Nc3 Nf6 20. Qh3 h5 21. Bh4 Rde8 22.
Bg5 Ng4 23. Nd1 f6 24. Ne3 fxg5 25. Nf5 Bg3 26. Nxg3 Bf7 27. Nf5 Be6 28. Qg3 g6 29.
Qxc7+ Kxc7 30. Nd4 Ne5 31. Nxe6+ Rxe6 32. Rf2 g4 33.
Ref1 g3 34. Rf6 Kd6 35. Kg1 Ke7 36. Rxe6+ Kxe6 37. Be2 Rd8 38. Rd1 Rxd1+ 39. Bxd1 Nc4 40. Kf1 Nxb2 41. Be2 Na4 42. Bd3 Nc5 43. Ke2 Ke5 44.
Kf3 h4 45. Kg4 g5 46. Be2 Nxe4 47. Bf3 c5 48. a4 c4 49. Be2 c3 50. Bd3 Nf2+ 51.
Kf3 Nxd3 0-1

[Event "Late-Titled-Tuesday-Blitz-April-16-2024"]
[Site "Chess.com"]
[Date "2024.04.16"]
[Round "3"]
[White "KNVB"]
[Black "HansOnTwitch"]
[Result "0-1"]
[WhiteElo "2786"]
[BlackElo "3167"]
[TimeControl "180+1"]
[EndTime "14:28:18 PDT"]
[Termination "HansOnTwitch won on time"]

1. e4 c5 2. e5 Nc6 3. c3 d6 4.
exd6 Qxd6 5. d3 Nf6 6. Nd2 Ne5 7. Ne4 Nxe4 8. dxe4 Qxd1+ 9. Kxd1 g6 10. Bf4 Bg7 11. Bb5+ Nd7 12. Nf3 a6 13. Be2 b6 14. Kc2 Bb7 15. Nd2 O-O 16. a4 f5 17. Bc4+ Kh8 18. Bd5 Bxd5 19. exd5 b5 20. axb5 axb5 21. Rhe1 Rxa1 22.
Rxa1 Rc8 23. Ra7 Nf6 24. d6 exd6 25. Bxd6 Ng4 26. f3 Ne3+ 27. Kb1 h5 28. g3 c4 29. Bc7 Nd5 30. Bd6 Rd8 31. Bc5 Nxc3+ 32. bxc3 Rxd2 33. Rb7 Bxc3 34. Rxb5 Rxh2 35. Rb6 Kg7 36.
Rb7+ Kf6 37. Rb6+ Kf7 38. Rb7+ Ke6 39. Rb6+ Kd5 40. Bf8 Bd4 41. Rxg6 c3 42. Bg7 c2+ 43. Kc1 Be3+ 0-1

[Event "Late-Titled-Tuesday-Blitz-April-16-2024"]
[Site "Chess.com"]
[Date "2024.04.16"]
[Round "3"]
[White "TanitoluwaAps116"]
[Black "Polish_fighter3000"]
[Result "1-0"]
[WhiteElo "2802"]
[BlackElo "3120"]
[TimeControl "180+1"]
[EndTime "14:28:18 PDT"]
[Termination "TanitoluwaAps116 won on time"]

1. e4 c5 2. Nf3 Nc6 3. Bb5 g6 4. Bxc6 dxc6 5. d3 Bg7 6. h3 Nf6 7. Nc3 Qc7 8. Be3 Nd7 9. Qd2 h6 10. O-O b6 11. Rae1 e5 12. Nh2 Nf8 13. f4 exf4 14. Bxf4 Qd8 15. e5 Bf5 16. g4 Be6 17.
Ne4 Qd4+ 18. Kg2 Qxb2 19. Nd6+ Kd7 20. Bg3 Bd5+ 21. Kg1 Rh7 22. Nxf7 Ne6 23. Rf2 Rf8 24. Ref1 h5 25. c4 Qxd2 26. Rxd2 h4 27. cxd5 cxd5 28. Be1 Ke7 29. Rdf2 b5 30. g5 Kd7 31. Ng4 b4 32.
Nf6+ Bxf6 33. Rxf6 a5 34. Nd6 Rxf6 35. gxf6 Rh5 36. d4 cxd4 37. Nf7 d3 38. Bd2 d4 39. Nh6 Ke8 40. f7+ Ke7 41. Ng4 Rf5 42. Re1 1-0

[Event "Late-Titled-Tuesday-Blitz-April-16-2024"]
[Site "Chess.com"]
[Date "2024.04.16"]
[Round "3"]
[White "biostatistician"]
[Black "kleinebeer98"]
[Result "0-1"]
[WhiteElo "2626"]
[BlackElo "2879"]
[TimeControl "180+1"]
[EndTime "14:28:18 PDT"]
[Termination "kleinebeer98 won on time"]

1. d4 Nf6 2. Nf3 Nc6 3. d5 Nb4 4. c4 e6 5. Nc3 c6 6. a3 Na6 7. e4 exd5 8. exd5 Bd6 9. b4 O-O 10. c5 Bb8 11. d6 b6 12. Qd4 bxc5 13. bxc5 Qa5 14. Be3 Nd5 15. Bd2 Qxc5 16. Nxd5 Qxd5 17. Qxd5 cxd5 18. Bf4 Nc5 19. O-O-O Ne4 20. Rxd5 Bb7 21. Rd4 Nxf2 22. Rg1 a5 23. Bb5 Ba7 24. Rd2 Bxf3 25. gxf3 Nh3 26. Rg4 Nxf4 27. Rxf4 Be3 28. Re4 Bxd2+ 29.
Kxd2 Rab8 30. a4 Rb6 31. Rd4 g6 32. Kd3 Kg7 33. Kc4 Rc8+ 34. Kd5 Rd8 35. Re4 Kf6 36. Re7 h5 37. Rxd7 Rxb5+ 38. Kc6 Rxd7 0-1

[Event "Late-Titled-Tuesday-Blitz-April-16-2024"]
[Site "Chess.com"]
[Date "2024.04.16"]
[Round "3"]
[White "picturesquecheck"]
[Black "DraningWaterHi"]
[Result "1-0"]
[WhiteElo "2409"]
[BlackElo "2217"]
[TimeControl "180+1"]
[EndTime "14:28:18 PDT"]
[Termination "picturesquecheck won by resignation"]

1. g3 e5 2. Bg2 Nc6 3. d3 d5 4. Nf3 f6 5. O-O Be6 6. Nbd2 a6 7. e3 Bc5 8. b3 Nge7 9. Bb2 Ba7 10. Re1 O-O 11. c4 Rb8 12. Rc1 d4 13. exd4 Nxd4 14.
Nxd4 Bxd4 15. Bxd4 Qxd4 16. Nf3 Qd7 17. d4 exd4 18. Qxd4 Nc6 19. Qxd7 Bxd7 20. Rcd1 Bg4 21. h3 Bxf3 22. Bxf3 Ne5 23. Bd5+ Kh8 24. Kg2 c6 25. Be4 Rbd8 26. f4 Nd7 27. Kf3 a5 28. Rd6 Nc5 29.
Red1 Rxd6 30. Rxd6 Re8 31. Bf5 Kg8 32. Bc2 Re7 33.
Kf2 Rd7 34. Rxd7 Nxd7 35. Ke3 Nc5 36. Kd4 Ne6+ 37. Ke3 Kf7 38. Bxh7 g6 39. f5 gxf5 40. Bxf5 Ng7 41. Bc8 b6 42. h4 f5 43. Kf3 Kf6 44.
Bd7 c5 45. Bc6 Ne6 46. Bd5 Nd4+ 47. Kf2 Nc2 48. Ke2 Nb4 49. a3 Nc2 50. Kd2 Nd4 51. Kc3 Ne2+ 52. Kd2 Nxg3 53. Ke3 Ke5 54. Bf3 f4+ 55. Kd2 Nf5 56. h5 Nd4 57. Bd1 Kf6 58. Kd3 Ke5 59. a4 Nf5 60. Bf3 Nh4 61. Bd1 Nf5 62.
Bf3 Nd6 63. h6 Kf6 64. h7 Kg7 65. Be4 Kh8 66. Bg6 Kg7 67. Ke2 Nc8 68. Kf3 Ne7 69.
Bc2 Nc6 70. Kxf4 Nd4 71. Bd1 Kxh7 72. Ke5 Kg6 73. Kd6 Kf5 74. Kc7 Ke5 75. Kxb6 Ke6 76. Kxc5 Nf5 77. Bg4 1-0

[Event "Late-Titled-Tuesday-Blitz-April-16-2024"]
[Site "Chess.com"]
[Date "2024.04.16"]
[Round "3"]
[White "emeli_chess"]
[Black "NCchamp"]
[Result "1-0"]
[WhiteElo "2462"]
[BlackElo "2240"]
[TimeControl "180+1"]
[EndTime "14:28:19 PDT"]
[Termination "emeli_chess won on time"]

1. d4 d5 2. c4 dxc4 3. Nf3 a6 4. a4 Nf6 5. e3 Bg4 6. Bxc4 e6 7. h3 Bh5 8. g4 Bg6 9. Bf1 Bd6 10. Bg2 c6 11.
Nc3 Nbd7 12. Nh4 e5 13. g5 exd4 14. Nxg6 hxg6 15. gxf6 Qxf6 16. Qxd4 Be5 17. Qb4 a5 18. Qb3 Nc5 19. Qc2 Rd8 20. Ne4 Nxe4 21. Qxe4 Kf8 22. Rb1 Rh4 23. Qf3 Bc3+ 24. Kf1 Qd6 25. bxc3 Qd3+ 26.
Kg1 Qxb1 27. Kh2 Qb3 28. e4 Re8 29. Bf4 Qxa4 30. Re1 Kg8 31. Bg3 Rh5 32. e5 Rf5 33.
Qe4 Qb3 34. h4 a4 35. Bh3 a3 36. Bxf5 gxf5 37. Qxf5 a2 38. Qe4 Ra8 39. Ra1 Qxc3 40.
Rxa2 Rxa2 41. e6 1-0